AoeStats
← 君士坦丁十一世

Arena

510287164Analyzed
4v4 RM · 2d ago on Sep 30, 2026· 34m 31s· 8 players
Game mode
Random Map
Map size
Large (8 player)
Population
200
Speed
Normal
Resources
Standard
Victory
Conquest
Starting age
Dark Age
Ending age
Imperial Age
RankedLock teamsTeams togetherTeam positionsShared explorationLock speedFull tech treeHidden civsTurbo modeCheats
Victory
Defeat
🇨🇳 Poles · China
987
+19
🇨🇳 Persians · China
981
+19
🇨🇳 Byzantines · China
979
+19
931
+20
🇺🇸 Saracens · United States
1069
-20
🇨🇱 Mongols · Chile
1058
-20
🇨🇳 Mongols · China
1036
-19
🇦🇷 Japanese · Argentina
1011
-18
Komfy Kaiju
9:00 Loom
10:49 Feudal Age
12:25 Double-Bit Axe
13:26 Fletching
14:10 Gold Mining
15:45 Wheelbarrow
25:02 Castle Age
23:57 Padded Archer Armor
26:03 Thumb Ring
25:19 Crossbowman
30:02 Bodkin Arrow
30:22 Leather Archer Armor
31:00 Gold Shaft Mining
30:37 Bow Saw
Don Wea
9:43 Feudal Age
8:42 Loom
13:34 Castle Age
22:14 Fervor
22:22 Horse Collar
22:29 Double-Bit Axe
22:36 Gold Mining
22:42 Stone Mining
27:53 Imperial Age
26:28 Heavy Plow
26:40 Bow Saw
27:08 Gold Shaft Mining
27:32 Wheelbarrow
27:30 Fletching
27:40 Padded Archer Armor
28:02 Ballistics
28:09 Bodkin Arrow
28:54 Hand Cart
29:05 Leather Archer Armor
28:57 Husbandry
29:11 Bloodlines
29:53 Stone Shaft Mining
30:06 Parthian Tactics
30:11 Bracer
30:31 Thumb Ring
31:57 Chemistry
tikymax
10:20 Feudal Age
14:15 Castle Age
12:25 Horse Collar
12:54 Double-Bit Axe
23:15 Scale Mail Armor
24:15 Squires
25:08 Chain Mail Armor
27:08 Forging
27:33 Arson
28:51 Wheelbarrow
30:41 Gold Mining
竹杖
10:17 Feudal Age
14:47 Castle Age
12:54 Horse Collar
14:39 Double-Bit Axe
16:03 Heavy Plow
19:11 Bow Saw
20:20 Gold Mining
21:15 Wheelbarrow
24:54 Gold Shaft Mining
25:30 Hand Cart
28:58 Imperial Age
26:45 Hand Cart
26:26 Fletching
26:43 Stone Mining
28:16 Stone Shaft Mining
27:41 Bodkin Arrow
27:47 Padded Archer Armor
28:43 Ballistics
28:37 Fortified Wall
30:15 Squires
30:00 Arson
29:36 Pikeman
30:21 Bracer
31:23 Chemistry
30:30 Siege Engineers
30:57 Bloodlines
30:48 Husbandry
30:09 Light Cavalry
Mika_168
10:00 Feudal Age
13:35 Castle Age
12:14 Double-Bit Axe
12:11 Horse Collar
22:32 Stone Mining
22:37 Gold Mining
24:16 Wheelbarrow
24:47 Bow Saw
26:02 Hand Cart
29:02 Imperial Age
28:01 Scale Barding Armor
28:38 Husbandry
28:48 Bloodlines
29:47 Conscription
33:05 Chain Barding Armor
33:34 Hand Cart
33:59 Gold Shaft Mining
无糖薄荷糖
11:30 Feudal Age
14:02 Double-Bit Axe
20:47 Castle Age
18:45 Stone Mining
18:48 Gold Mining
18:58 Horse Collar
19:33 Scale Barding Armor
20:54 Forging
21:30 Heavy Plow
21:42 Bow Saw
23:45 Loom
24:42 Stone Shaft Mining
26:35 Husbandry
26:47 Bloodlines
27:10 Chain Barding Armor
27:26 Iron Casting
31:07 Imperial Age
29:23 Wheelbarrow
28:37 Town Watch
31:42 Hand Cart
33:18 Blast Furnace
31:47 Cavalier
32:52 Conscription
34:03 Crop Rotation
33:50 Szlachta Privileges
hanser
10:29 Feudal Age
11:56 Double-Bit Axe
14:55 Castle Age
12:49 Horse Collar
17:22 Loom
21:52 Gold Mining
21:55 Stone Mining
23:23 Wheelbarrow
23:28 Bow Saw
25:40 Stone Shaft Mining
24:48 Elite Skirmisher
26:09 Padded Archer Armor
25:59 Fletching
27:53 Leather Archer Armor
27:28 Fletching
28:51 Hand Cart
29:19 Ballistics
30:24 Gold Shaft Mining
30:28 Husbandry
31:24 Scale Barding Armor
31:30 Forging
31:33 Thumb Ring
32:28 Chain Barding Armor
君士坦丁十一世
11:51 Feudal Age
15:38 Castle Age
13:27 Double-Bit Axe
17:57 Bow Saw
22:40 Wheelbarrow
23:50 Horse Collar
25:50 Heavy Plow
25:52 Gold Mining
27:21 Stone Mining
30:48 Imperial Age
28:36 Padded Archer Armor
28:27 Fletching
29:37 Ballistics
29:35 Leather Archer Armor
30:37 Medical Corps
31:13 Thumb Ring
31:24 Bodkin Arrow
32:00 Ring Archer Armor
32:32 Chemistry
32:11 Elite Elephant Archer
33:36 Conscription
34:03 Bracer
Connection lost

Rejoining the realm…

Still unreachable

The connection could not be restored.

Session expired

The server has moved on; the page needs a fresh start.